 Dungeon Crawl Stone Soup version 0.28.0-47-ge53b351184 (webtiles) character file.

Game seed: 3554464101211807091

1777 seaoflcl the Carver (level 9, -2/63 HPs)
             Began as a Human Fighter on May 2, 2022.
             Succumbed to a killer bee's poison
             ... on level 6 of the Dungeon.
             The game lasted 00:09:45 (6930 turns).

seaoflcl the Carver (Human Fighter)                 Turns: 6930, Time: 00:09:46

Health: -2/63      AC: 19    Str: 26 (27) XL:     9   Next: 29%
Magic:  9/9        EV:  7    Int:  7 (9)  God:
Gold:   131        SH:  4    Dex:  9 (12) Spells: 8/8 levels left

rFire   . . .      SeeInvis .   a - +0 long sword
rCold   . . .      Faith    .   c - +0 buckler
rNeg    . . .      Spirit   .   J - +0 chain mail
rPois   .          Reflect  .   k - +2 helmet
rElec   .          Harm     .   j - +2 cloak
rCorr   .          Rampage  .   (no gloves)
Will    .....                   (no boots)
Stlth   ..........              (no amulet)
HPRegen 0.20/turn               p - +6 ring of strength
MPRegen 0.11/turn               u - +4 ring of protection

@: brilliant, lethally poisoned (-2 -> -14)
A: no striking features
a: no special abilities


You were on level 6 of the Dungeon.
You visited 1 branch of the dungeon, and saw 6 of its levels.

You collected 151 gold pieces.
You spent 20 gold pieces at shops.

Inventory:

Hand Weapons
 a - a +0 long sword (weapon)
 r - a +0 short sword
 y - a +0 flail of pain
 E - a +0 hand axe of venom
Missiles
 H - 2 throwing nets (quivered)
Armour
 c - a +0 buckler (worn)
 j - a +2 cloak (worn)
 k - a +2 helmet (worn)
 J - a +0 chain mail (worn)
Jewellery
 p - a +6 ring of strength (left hand)
 s - a ring of fire
 u - a +4 ring of protection (right hand)
 C - a ring of see invisible
Wands
 A - a wand of paralysis (8)
 B - a wand of iceblast (1)
Scrolls
 d - a scroll of enchant weapon {unknown}
 e - 4 scrolls of immolation
 f - 3 scrolls of teleportation {unknown}
 l - a scroll of amnesia {unknown}
 o - a scroll of brand weapon {unknown}
 v - a scroll of blinking {unknown}
 x - 2 scrolls of enchant armour {unknown}
 F - 2 scrolls of vulnerability {unknown}
 G - a scroll of fear {unknown}
Potions
 g - a potion of cancellation {unknown}
 h - a potion of flight {unknown}
 i - a potion of attraction {unknown}
 m - 2 potions of ambrosia {unknown}
 q - 2 potions of degeneration
 t - 2 potions of curing {unknown}
 w - a potion of haste {unknown}
 z - 2 potions of berserk rage
 D - a potion of brilliance
 I - a potion of mutation {unknown}


   Skills:
 - Level 3.0 Fighting
 * Level 11.5 Long Blades
 - Level 3.0 Armour
 - Level 3.0 Shields


You had 8 spell levels left.
You didn't know any spells.
Your spell library contained the following spells:

 Spells                   Type           Power      Damage    Failure   Level
 Corpse Rot               Necr/Air       0%         N/A       99%         2
 Ensorcelled Hibernation  Hex/Ice        0%         N/A       99%         2
 Poisonous Vapours        Pois/Air       0%         N/A       99%         2
 Spider Form              Tmut/Pois      0%         N/A       100%        3
 Anguish                  Hex/Necr       0%         N/A       100%        4


Dungeon Overview and Level Annotations

Branches:
Dungeon (6/15)
 Temple: D:4-7

Altars:
Ashenzari
Cheibriados
Makhleb
Vehumet

Shops:
D:3 ?


Message History

The killer bee is almost dead.
You feel sick. The killer bee closely misses you.
The killer bee stings you but does no damage. x2
The killer bee stings you.
You are more poisoned.
The killer bee poisons you!
You feel very sick.
The killer bee stings you but does no damage. x3
You block the killer bee's attack.
You feel very sick.
The killer bee stings you but does no damage.
You block the killer bee's attack.
The killer bee stings you but does no damage.
You feel sick.
You feel sick. The killer bee stings you.
* * * LOW HITPOINT WARNING * * *
You are lethally poisoned!
The killer bee poisons you!
* * * LOW HITPOINT WARNING * * *
You feel very sick. The killer bee barely misses you.
The killer bee stings you but does no damage.
There is a stone staircase leading down here.
* * * LOW HITPOINT WARNING * * *
You feel sick. The killer bee barely misses you.
The killer bee closely misses you.
It was a potion of brilliance.
You feel clever all of a sudden.
* * * LOW HITPOINT WARNING * * *
You feel very sick.
The killer bee stings you but does no damage.
The killer bee stings you.
* * * LOW HITPOINT WARNING * * *
You are more poisoned.
The killer bee poisons you! The killer bee barely misses you.
The killer bee stings you but does no damage.
It was a potion of degeneration.
There was something very wrong with that liquid.
You feel weakened.
You feel dopey.
You feel clumsy.
You die...

.........##. #.. ##..
........#... . ..# #...
#........... .
.....##..###...........
. #....#....##........#
.. #.#.......#........#
.. #.........y........
#.. ##....##...y@...#
#..##..##....##....##
#.......#....#..).#
#....#......###.##......
##.######.####...##..#..
.y. ###.#.##..## .##
#..y #.........## # ....
#....#...<..#
..##.....###......#


You could see 2 killer bees.

Vanquished Creatures
  A water moccasin (D:4)
  An orc warrior (D:6)
  An ice beast (D:5)
  2 black bears
  2 ogres
  2 phantoms
  A gnoll sergeant (D:4)
  A water moccasin zombie (D:6)
  3 killer bees (D:6)
  A bullfrog zombie (D:5)
  2 centaur skeletons
  An orc priest (D:5)
  A gnoll shaman (D:5)
  7 hounds
  2 bullfrog skeletons
  2 iguanas
  A hound skeleton (D:5)
  4 adders
  12 gnolls
  An adder skeleton (D:5)
  2 worms (D:2)
  4 dart slugs
  17 orcs
  5 endoplasms
  2 giant cockroaches (D:1)
  7 goblins
  3 hobgoblins
  11 jackals (D:2)
  5 ball pythons
  2 bats
  3 frilled lizards
  5 kobolds
  4 rats
118 creatures vanquished.

Notes
Turn   | Place    | Note
-------+----------+-------------------------------------------
     0 | D:1      | seaoflcl the Human Fighter began the quest for the Orb.
     0 | D:1      | Reached XP level 1. HP: 18/18 MP: 1/1
   157 | D:1      | Reached XP level 2. HP: 24/24 MP: 2/2
   507 | D:1      | Reached skill level 3 in Long Blades
  1011 | D:2      | Reached XP level 3. HP: 25/29 MP: 3/3
  1354 | D:2      | Found a faded altar of an unknown god.
  1363 | D:2      | Reached skill level 4 in Long Blades
  1363 | D:2      | Reached XP level 4. HP: 31/35 MP: 4/4
  2133 | D:3      | Found Wufeapp's Magic Scroll Shop.
  2280 | D:3      | Bought a scroll of identify for 20 gold pieces
  2532 | D:3      | Found a broken altar of Ashenzari.
  2643 | D:4      | Reached XP level 5. HP: 41/41 MP: 5/5
  3069 | D:3      | Reached skill level 5 in Long Blades
  3186 | D:4      | Reached XP level 6. HP: 36/47 MP: 6/6
  3354 | D:4      | Noticed a water moccasin
  3368 | D:4      | Killed a water moccasin
  3369 | D:4      | Reached skill level 6 in Long Blades
  3846 | D:4      | Noticed an ogre
  3861 | D:4      | Killed an ogre
  3862 | D:4      | Reached skill level 7 in Long Blades
  3862 | D:4      | Reached XP level 7. HP: 52/52 MP: 7/7
  3933 | D:4      | Found a snail-covered altar of Cheibriados.
  3938 | D:4      | Found a burning altar of Makhleb.
  4254 | D:4      | Found a radiant altar of Vehumet.
  4421 | D:5      | Entered Level 5 of the Dungeon
  4508 | D:4      | Reached skill level 8 in Long Blades
  4613 | D:5      | Reached XP level 8. HP: 28/58 MP: 8/8
  4655 | D:6      | Reached skill level 9 in Long Blades
  5760 | D:5      | Reached skill level 10 in Long Blades
  5961 | D:5      | Reached XP level 9. HP: 45/63 MP: 9/9
  6491 | D:6      | Reached skill level 11 in Long Blades
  6929 | D:6      | HP: 1/63 [killer bee (3)]
  6930 | D:6      | Succumbed to a killer bee's poison

Illustrated notes

Levels and vault maps discovered:
D:1:      enne_arrival_octagon_isle, layout_loops_corners, grunt_decor_fettered,
          hangedman_abyss_or_decor_stabs, minmay_cupped
D:2:      layout_basic, hellmonk_ecumenical_altar_dog_temple,
          nicolae_figureground_pulse
D:3:      layout_basic, nicolae_ashenzari_panopticon, serial_shops, shop,
          corexii_shack
D:4:      layout_cave_pools, kennysheep_little_box,
          mainiacjoe_overflow_catwalk_spiral, hangedman_decor_diamond_cutter
D:5:      layout_cave_pools, minmay_fractal_squares_diagonal_5
D:6:      layout_cave_pools, minmay_temple_entry_poolview

Skill      XL: |  1  2  3  4  5  6  7  8  9 |
---------------+----------------------------+-----
Long Blades    | 3 4 5 7 8 10 11 | 11.5
Fighting       | |  3.0
Armour         | |  3.0
Shields        | |  3.0

Action                   |  1- 3 |  4- 6 |  7- 9 || total
-------------------------+-------+-------+-------++-------
Melee: Long sword        |    89 |   125 |   268 ||   482
  Use: Scroll            |       |     1 |       ||     1
       Potion            |       |     3 |     4 ||     7
Armor: Scale mail        |    65 |    74 |   188 ||   327
       Chain mail        |       |       |    75 ||    75
Dodge: Dodged            |    42 |    77 |   170 ||   289
Block: Buckler           |    25 |    32 |    82 ||   139
